[ AOE2 MATCH · #477487717 ]
UnrankedVietnamese vs Franks
[ REPLAY ANALYSIS · EXTRACTED FROM THE RECORDED GAME ]
Feudal
13:58
Castle
19:23
Imperial
—
| APM avg | 21.2 |
| APM peak | 52 |
| eAPM avg | 9.7 |
| Villagers / military | 42 / 13 |
Focus
⚔️ 27.2% · 🌾 72.8%
Rattan Archer ×13
Feudal
12:59
Castle
25:45
Imperial
—
| APM avg | 31.6 |
| APM peak | 66 |
| eAPM avg | 13.7 |
| Villagers / military | 43 / 30 |
Focus
⚔️ 25.3% · 🌾 74.7%
Archer ×26 · Spearman ×4
Feudal
14:12
Castle
18:32
Imperial
—
| APM avg | 21.5 |
| APM peak | 35 |
| eAPM avg | 12.8 |
| Villagers / military | 42 / 24 |
Focus
⚔️ 23.8% · 🌾 76.2%
Knight ×16 · Battering Ram ×4 · Scorpion ×3 · Spearman ×1
Feudal
14:33
Castle
18:29
Imperial
—
| APM avg | 39.4 |
| APM peak | 66 |
| eAPM avg | 14.4 |
| Villagers / military | 61 / 27 |
Focus
⚔️ 23.2% · 🌾 76.8%
Cavalry Archer ×22 · Skirmisher ×4 · Archer ×1
Feudal
12:49
Castle
24:38
Imperial
—
| APM avg | 38.2 |
| APM peak | 97 |
| eAPM avg | 15.8 |
| Villagers / military | 46 / 13 |
Focus
⚔️ 25.9% · 🌾 74.1%
Knight ×8 · Scout Cavalry ×5
Feudal
—
Castle
—
Imperial
—
| APM avg | 30.5 |
| APM peak | 72 |
| eAPM avg | 13.2 |
| Villagers / military | 46 / 27 |
Focus
⚔️ 24.8% · 🌾 75.2%
Scout Cavalry ×21 · Spearman ×6
Feudal
12:55
Castle
25:38
Imperial
—
| APM avg | 29.9 |
| APM peak | 72 |
| eAPM avg | 10.7 |
| Villagers / military | 39 / 22 |
Focus
⚔️ 30.8% · 🌾 69.2%
Scout Cavalry ×12 · Spearman ×5 · Camel Scout ×5
Feudal
11:13
Castle
—
Imperial
—
| APM avg | 24.5 |
| APM peak | 54 |
| eAPM avg | 14.9 |
| Villagers / military | 46 / 32 |
Focus
⚔️ 40.5% · 🌾 59.5%
Archer ×29 · Fishing Ship ×9 · Spearman ×3
Match map
Initial resources + every placement click. Lines = walls · curves = elevation contours. ◆ gold · ⬟ stone · ● berries · ✦ relic · ◌ wall gap
Your base· Open — unwalled flank
belgawizard's base· Open — unwalled flank
[T41] Indian War Lord's base· Open — unwalled flank
Rookie's base· Open — 15t gap
Hugo's base· Open — unwalled flank
Emperor2698's base· Open — 10t gap
Sihing Mo's base· Open — unwalled flank
ImVaibhav's base· Open — unwalled flank
Smoothed initial terrain · ◌ = detected wall gap · hover for details
Inputs per minute
— Zweistein - - belgawizard
Build order — Zweistein
55 actions detected in the replay
| 0:57 | Build | Town Center |
| 2:51 | Build | House |
| 3:21 | Create | Villager (Male) ×4 |
| 3:49 | Build | House |
| 4:05 | Research | Loom |
| 4:20 | Create | Villager (Male) |
| 4:38 | Create | Villager (Male) |
| 5:34 | Create | Villager (Male) |
| 5:46 | Create | Villager (Male) |
| 6:36 | Create | Villager (Male) |
| 7:38 | Create | Villager (Male) ×5 |
| 7:50 | Create | Villager (Male) |
| 8:03 | Build | House |
| 8:17 | Build | Lumber Camp |
| 9:13 | Create | Villager (Male) ×4 |
| 10:06 | Build | House |
| 10:25 | Create | Villager (Male) ×5 |
| 10:42 | Build | Barracks |
| 10:43 | Build | Palisade Wall |
| 11:39 | Research | Feudal Age |
| 11:47 | Build | Mill |
| 13:05 | Create | Villager (Male) |
| 13:06 | Create | Villager (Male) |
| 13:06 | Create | Villager (Male) |
| 13:06 | Create | Villager (Male) |
| 13:58 | Age | Feudal Age |
| 14:05 | Build | Blacksmith |
| 14:53 | Build | Market |
| 16:43 | Research | Castle Age |
| 17:23 | Research | Double-Bit Axe |
| 17:33 | Build | Mining Camp |
| 17:38 | Build | Palisade Wall |
| 17:54 | Create | Villager (Male) |
| 17:55 | Create | Villager (Male) |
| 18:30 | Research | Fletching |
| 19:06 | Build | Mill |
| 19:23 | Build | Farm |
| 19:23 | Age | Castle Age |
| 19:28 | Build | Farm |
| 20:07 | Build | Castle |
| 20:21 | Create | Villager (Male) ×4 |
| 20:34 | Build | Town Center |
| 20:56 | Research | Bodkin Arrow |
| 21:25 | Create | Rattan Archer ×3 |
| 22:18 | Create | Rattan Archer |
| 22:51 | Build | Town Center |
| 23:53 | Create | Rattan Archer |
| 23:59 | Research | Padded Archer Armor |
| 24:00 | Create | Villager (Male) |
| 24:33 | Create | Villager (Male) ×5 |
| 24:42 | Create | Rattan Archer |
| 24:46 | Create | Villager (Male) ×2 |
| 25:08 | Create | Rattan Archer |
| 25:46 | Create | Rattan Archer |
| 27:14 | Create | Rattan Archer ×5 |
Build order — belgawizard
129 actions detected in the replay
| 0:15 | Build | House |
| 0:28 | Build | Town Center |
| 2:45 | Create | Villager (Male) ×4 |
| 3:58 | Create | Villager (Male) |
| 3:58 | Create | Villager (Male) |
| 4:22 | Create | Villager (Male) |
| 4:22 | Create | Villager (Male) |
| 4:44 | Build | Lumber Camp |
| 5:08 | Create | Villager (Male) |
| 5:16 | Build | House |
| 5:27 | Create | Villager (Male) |
| 5:33 | Build | House |
| 5:44 | Research | Loom |
| 5:45 | Research | Loom |
| 5:48 | Create | Villager (Male) |
| 5:48 | Create | Villager (Male) |
| 5:48 | Create | Villager (Male) |
| 6:06 | Create | Villager (Male) |
| 6:06 | Create | Villager (Male) |
| 6:45 | Build | House |
| 6:55 | Create | Villager (Male) |
| 6:56 | Create | Villager (Male) |
| 7:06 | Build | House |
| 7:39 | Create | Villager (Male) |
| 7:39 | Create | Villager (Male) |
| 8:08 | Build | House |
| 8:16 | Create | Villager (Male) |
| 8:45 | Build | Palisade Wall |
| 8:51 | Build | Palisade Gate |
| 9:03 | Create | Villager (Male) |
| 9:04 | Research | Loom |
| 9:59 | Create | Villager (Male) |
| 10:07 | Build | Mining Camp |
| 10:11 | Create | Villager (Male) |
| 10:43 | Research | Feudal Age |
| 10:43 | Research | Feudal Age |
| 10:44 | Research | Feudal Age |
| 11:13 | Create | Villager (Male) |
| 11:27 | Build | Barracks |
| 12:24 | Create | Villager (Male) |
| 12:59 | Age | Feudal Age |
| 13:03 | Build | Archery Range |
| 13:08 | Research | Double-Bit Axe |
| 13:08 | Research | Double-Bit Axe |
| 13:10 | Create | Villager (Male) |
| 13:10 | Create | Villager (Male) |
| 13:50 | Build | Blacksmith |
| 13:59 | Create | Archer |
| 14:00 | Create | Archer |
| 14:06 | Create | Villager (Male) |
| 14:06 | Create | Villager (Male) |
| 14:19 | Create | Archer |
| 14:39 | Research | Fletching |
| 14:44 | Create | Villager (Male) |
| 15:03 | Build | Archery Range |
| 15:12 | Create | Archer |
| 15:13 | Create | Villager (Male) |
| 15:29 | Create | Archer |
| 15:50 | Build | Mill |
| 15:57 | Create | Archer |
| 15:57 | Create | Archer |
| 16:03 | Create | Villager (Male) |
| 16:03 | Create | Villager (Male) |
| 16:12 | Create | Archer |
| 16:12 | Create | Archer |
| 16:19 | Build | House |
| 16:20 | Build | House |
| 16:29 | Create | Archer |
| 16:30 | Create | Archer |
| 16:34 | Research | Padded Archer Armor |
| 16:34 | Research | Padded Archer Armor |
| 16:54 | Create | Archer |
| 16:54 | Create | Archer |
| 16:56 | Create | Villager (Male) |
| 17:34 | Create | Archer |
| 17:34 | Create | Archer |
| 17:47 | Build | House |
| 17:55 | Research | Town Watch |
| 17:58 | Create | Archer |
| 17:58 | Create | Archer |
| 18:01 | Research | Horse Collar |
| 18:01 | Research | Horse Collar |
| 18:37 | Create | Villager (Male) |
| 18:41 | Build | Farm |
| 18:42 | Build | Farm |
| 18:42 | Build | Farm |
| 18:42 | Build | Farm |
| 18:42 | Build | Farm |
| 18:49 | Create | Archer |
| 18:50 | Create | Archer |
| 18:51 | Create | Villager (Male) |
| 19:05 | Create | Villager (Male) |
| 19:09 | Create | Archer |
| 19:10 | Create | Archer |
| 19:30 | Create | Villager (Male) |
| 19:43 | Create | Villager (Male) |
| 19:51 | Build | Farm |
| 19:52 | Build | Farm |
| 19:54 | Build | Farm |
| 20:06 | Create | Archer |
| 20:06 | Create | Archer |
| 20:07 | Create | Villager (Male) |
| 20:29 | Create | Archer |
| 20:30 | Create | Villager (Male) |
| 20:33 | Research | Wheelbarrow |
| 21:15 | Build | Mining Camp |
| 21:23 | Create | Archer |
| 21:23 | Create | Archer |
| 21:33 | Create | Spearman |
| 21:33 | Create | Spearman |
| 22:08 | Build | House |
| 22:09 | Build | House |
| 22:10 | Build | House |
| 23:05 | Research | Castle Age |
| 23:06 | Research | Castle Age |
| 23:06 | Research | Castle Age |
| 23:11 | Create | Spearman |
| 23:11 | Create | Spearman |
| 23:44 | Build | Stable |
| 24:01 | Build | Stable |
| 25:13 | Build | Mining Camp |
| 25:15 | Create | Villager (Male) |
| 25:15 | Create | Villager (Male) |
| 25:45 | Age | Castle Age |
| 26:09 | Build | Lumber Camp |
| 26:20 | Research | Hand Cart |
| 26:36 | Build | Town Center |
| 27:10 | Research | Bow Saw |
| 27:10 | Research | Bow Saw |
Build order — [T41] Indian War Lord
123 actions detected in the replay
| 0:12 | Build | Town Center |
| 0:57 | Build | Lumber Camp |
| 2:19 | Build | House |
| 2:39 | Create | Villager (Male) |
| 2:39 | Create | Villager (Male) |
| 2:39 | Create | Villager (Male) |
| 2:40 | Create | Villager (Male) |
| 2:58 | Research | Loom |
| 3:01 | Create | Villager (Male) |
| 3:04 | Create | Villager (Male) |
| 3:04 | Create | Villager (Male) |
| 4:04 | Create | Villager (Male) |
| 4:34 | Build | House |
| 4:43 | Create | Villager (Male) |
| 5:04 | Build | House |
| 5:17 | Create | Villager (Male) |
| 5:41 | Create | Villager (Male) |
| 6:29 | Create | Villager (Male) |
| 6:30 | Create | Villager (Male) |
| 6:33 | Build | Lumber Camp |
| 7:01 | Create | Villager (Male) |
| 7:01 | Create | Villager (Male) |
| 7:42 | Build | House |
| 7:46 | Build | House |
| 7:57 | Build | House |
| 8:17 | Create | Villager (Male) |
| 8:17 | Create | Villager (Male) |
| 8:24 | Create | Villager (Male) |
| 8:26 | Build | House |
| 8:28 | Build | House |
| 8:36 | Create | Villager (Male) |
| 8:57 | Build | House |
| 9:09 | Build | House |
| 9:19 | Create | Villager (Male) |
| 9:28 | Build | House |
| 9:43 | Build | House |
| 10:09 | Create | Villager (Male) |
| 10:14 | Create | Villager (Male) |
| 10:25 | Create | Villager (Male) |
| 10:28 | Build | Mining Camp |
| 10:43 | Build | House |
| 11:02 | Create | Villager (Male) |
| 11:22 | Build | Barracks |
| 11:49 | Research | Feudal Age |
| 11:55 | Build | Palisade Wall |
| 12:46 | Build | House |
| 13:21 | Build | Palisade Wall |
| 13:40 | Create | Villager (Male) |
| 13:44 | Build | House |
| 14:12 | Age | Feudal Age |
| 14:17 | Create | Spearman |
| 14:21 | Build | Stable |
| 14:23 | Research | Double-Bit Axe |
| 14:26 | Create | Villager (Male) |
| 14:53 | Create | Villager (Male) |
| 14:57 | Build | Blacksmith |
| 15:17 | Create | Villager (Male) |
| 15:27 | Build | House |
| 15:41 | Research | Castle Age |
| 16:03 | Research | Forging |
| 16:28 | Build | Stable |
| 16:32 | Research | Scale Barding Armor |
| 16:39 | Create | Villager (Male) |
| 16:41 | Create | Villager (Male) |
| 17:11 | Build | Palisade Wall |
| 17:14 | Build | Palisade Wall |
| 17:16 | Build | Palisade Wall |
| 17:24 | Create | Villager (Male) |
| 17:37 | Research | Gold Mining |
| 17:43 | Research | Wheelbarrow |
| 18:09 | Build | Palisade Gate |
| 18:32 | Age | Castle Age |
| 18:32 | Create | Knight |
| 18:33 | Create | Knight |
| 18:33 | Create | Knight |
| 18:35 | Create | Villager (Male) |
| 18:36 | Create | Villager (Male) |
| 18:36 | Create | Villager (Male) |
| 18:49 | Build | Siege Workshop |
| 18:53 | Create | Knight |
| 19:20 | Create | Knight |
| 19:31 | Build | House |
| 19:37 | Build | House |
| 20:18 | Research | Iron Casting |
| 20:30 | Create | Battering Ram |
| 20:37 | Build | House |
| 20:41 | Create | Villager (Male) |
| 21:06 | Create | Knight |
| 21:13 | Create | Villager (Male) |
| 21:18 | Build | House |
| 21:20 | Build | House |
| 21:37 | Create | Knight |
| 22:03 | Create | Battering Ram |
| 22:05 | Create | Villager (Male) |
| 22:21 | Build | Mill |
| 22:24 | Create | Villager (Male) |
| 22:30 | Create | Scorpion |
| 22:37 | Create | Villager (Male) |
| 23:20 | Build | House |
| 23:35 | Build | Stable |
| 23:37 | Create | Knight |
| 23:38 | Create | Knight |
| 23:55 | Create | Knight |
| 24:09 | Build | House |
| 24:12 | Create | Knight |
| 24:32 | Create | Scorpion |
| 24:32 | Create | Scorpion |
| 24:59 | Create | Knight |
| 25:01 | Create | Knight |
| 25:23 | Create | Knight |
| 25:42 | Build | House |
| 25:49 | Create | Battering Ram |
| 25:51 | Create | Villager (Male) |
| 26:08 | Build | Farm |
| 26:09 | Build | Farm |
| 26:26 | Build | Siege Workshop |
| 26:32 | Create | Knight |
| 26:46 | Create | Villager (Male) |
| 26:57 | Create | Battering Ram |
| 27:05 | Build | Farm |
| 27:15 | Create | Knight |
| 27:34 | Create | Villager (Male) |
| 27:44 | Build | Farm |
Build order — Rookie
126 actions detected in the replay
| 0:19 | Build | Town Center |
| 2:48 | Create | Villager (Male) |
| 2:48 | Create | Villager (Male) |
| 2:48 | Create | Villager (Male) |
| 2:48 | Create | Villager (Male) |
| 3:55 | Create | Villager (Male) |
| 4:10 | Create | Villager (Male) |
| 4:48 | Create | Villager (Male) |
| 4:48 | Create | Villager (Male) |
| 4:48 | Create | Villager (Male) |
| 5:16 | Create | Villager (Male) |
| 5:22 | Create | Villager (Male) |
| 5:22 | Create | Villager (Male) |
| 5:42 | Create | Villager (Male) |
| 6:04 | Create | Villager (Male) |
| 6:04 | Create | Villager (Male) |
| 6:14 | Build | Lumber Camp |
| 7:17 | Create | Villager (Male) |
| 7:17 | Create | Villager (Male) |
| 7:17 | Create | Villager (Male) |
| 7:30 | Create | Villager (Male) |
| 7:30 | Create | Villager (Male) |
| 7:45 | Create | Villager (Male) |
| 7:45 | Create | Villager (Male) |
| 7:45 | Create | Villager (Male) |
| 8:00 | Create | Villager (Male) |
| 8:00 | Create | Villager (Male) |
| 8:00 | Create | Villager (Male) |
| 8:19 | Create | Villager (Male) |
| 8:42 | Create | Villager (Male) |
| 8:42 | Create | Villager (Male) |
| 9:09 | Build | Mill |
| 9:23 | Create | Villager (Male) |
| 11:14 | Research | Feudal Age |
| 11:20 | Research | Loom |
| 11:22 | Research | Feudal Age |
| 11:31 | Build | Palisade Wall |
| 11:39 | Build | Palisade Wall |
| 11:41 | Build | Palisade Wall |
| 11:48 | Build | Palisade Wall |
| 11:51 | Build | Palisade Gate |
| 14:01 | Create | Villager (Male) |
| 14:01 | Create | Villager (Male) |
| 14:02 | Create | Villager (Male) |
| 14:02 | Create | Villager (Male) |
| 14:10 | Build | Barracks |
| 14:33 | Age | Feudal Age |
| 14:42 | Build | Blacksmith |
| 14:58 | Build | Archery Range |
| 15:23 | Build | Archery Range |
| 15:49 | Research | Castle Age |
| 16:33 | Build | Archery Range |
| 16:42 | Research | Double-Bit Axe |
| 16:42 | Research | Double-Bit Axe |
| 17:19 | Build | Market |
| 17:35 | Research | Fletching |
| 17:47 | Build | Stable |
| 18:17 | Create | Villager (Male) |
| 18:17 | Create | Villager (Male) |
| 18:29 | Age | Castle Age |
| 18:31 | Create | Cavalry Archer |
| 18:31 | Create | Cavalry Archer |
| 18:32 | Create | Cavalry Archer |
| 18:32 | Create | Cavalry Archer |
| 18:32 | Create | Cavalry Archer |
| 18:36 | Research | Bodkin Arrow |
| 18:49 | Create | Cavalry Archer |
| 18:49 | Create | Cavalry Archer |
| 18:51 | Create | Cavalry Archer |
| 18:57 | Create | Villager (Male) |
| 18:57 | Create | Villager (Male) |
| 19:22 | Create | Villager (Male) |
| 19:22 | Create | Villager (Male) |
| 19:46 | Create | Villager (Male) |
| 19:57 | Build | University |
| 20:17 | Create | Villager (Male) |
| 20:17 | Create | Villager (Male) |
| 20:17 | Create | Villager (Male) |
| 20:17 | Create | Villager (Male) |
| 20:27 | Create | Archer |
| 20:36 | Create | Cavalry Archer |
| 20:36 | Create | Cavalry Archer |
| 20:36 | Create | Cavalry Archer |
| 20:37 | Create | Cavalry Archer |
| 21:04 | Create | Cavalry Archer |
| 21:38 | Research | Ballistics |
| 21:42 | Create | Villager (Male) |
| 21:42 | Create | Villager (Male) |
| 21:44 | Create | Villager (Male) |
| 22:25 | Create | Cavalry Archer |
| 22:26 | Create | Cavalry Archer |
| 22:49 | Create | Cavalry Archer |
| 23:05 | Research | Padded Archer Armor |
| 23:28 | Build | Town Center |
| 23:42 | Build | Farm |
| 23:46 | Research | Bloodlines |
| 23:46 | Research | Husbandry |
| 23:56 | Create | Skirmisher |
| 23:56 | Create | Cavalry Archer |
| 24:28 | Create | Villager (Male) |
| 24:31 | Create | Cavalry Archer |
| 24:31 | Create | Cavalry Archer |
| 24:31 | Create | Cavalry Archer |
| 24:41 | Create | Villager (Male) |
| 25:01 | Create | Villager (Male) |
| 25:04 | Build | Farm |
| 25:07 | Build | Farm |
| 25:08 | Build | Farm |
| 25:08 | Build | Farm |
| 25:09 | Build | Farm |
| 25:14 | Create | Villager (Male) |
| 25:15 | Create | Villager (Male) |
| 25:19 | Create | Cavalry Archer |
| 25:19 | Create | Cavalry Archer |
| 25:29 | Build | Farm |
| 25:40 | Create | Villager (Male) |
| 26:25 | Research | Elite Skirmisher (upgrade) |
| 26:30 | Create | Skirmisher ×3 |
| 26:31 | Create | Villager (Male) |
| 26:35 | Create | Villager (Male) |
| 26:46 | Create | Villager (Male) |
| 26:46 | Create | Villager (Male) |
| 27:11 | Create | Villager (Male) |
| 27:14 | Build | Farm |
| 27:19 | Create | Villager (Male) |
| 27:20 | Create | Villager (Male) |
Build order — Hugo
119 actions detected in the replay
| 0:43 | Build | Town Center |
| 2:29 | Build | House |
| 3:06 | Create | Villager (Male) |
| 3:06 | Create | Villager (Male) |
| 3:06 | Create | Villager (Male) |
| 3:34 | Create | Villager (Male) |
| 3:34 | Create | Villager (Male) |
| 4:46 | Create | Villager (Male) |
| 4:46 | Create | Villager (Male) |
| 4:58 | Build | House |
| 5:13 | Create | Villager (Male) |
| 5:13 | Create | Villager (Male) |
| 5:38 | Create | Villager (Male) |
| 6:01 | Create | Villager (Male) |
| 6:01 | Create | Villager (Male) |
| 6:24 | Create | Villager (Male) |
| 6:25 | Create | Villager (Male) |
| 6:54 | Create | Villager (Male) |
| 7:08 | Create | Villager (Male) |
| 7:26 | Build | House |
| 7:35 | Create | Villager (Male) |
| 7:58 | Create | Villager (Male) |
| 7:58 | Create | Villager (Male) |
| 8:05 | Build | Mill |
| 8:34 | Create | Villager (Male) |
| 8:35 | Create | Villager (Male) |
| 8:36 | Create | Villager (Male) |
| 9:26 | Create | Villager (Male) |
| 9:46 | Research | Loom |
| 9:58 | Build | Lumber Camp |
| 10:26 | Build | Farm |
| 10:35 | Research | Feudal Age |
| 10:35 | Research | Feudal Age |
| 11:41 | Build | Barracks |
| 12:33 | Build | House |
| 12:38 | Create | Villager (Male) |
| 12:38 | Create | Villager (Male) |
| 12:49 | Age | Feudal Age |
| 12:51 | Build | Stable |
| 13:08 | Research | Double-Bit Axe |
| 13:08 | Research | Double-Bit Axe |
| 13:12 | Research | Horse Collar |
| 13:12 | Research | Horse Collar |
| 13:21 | Build | Farm |
| 13:35 | Create | Villager (Male) |
| 13:36 | Create | Villager (Male) |
| 13:36 | Create | Villager (Male) |
| 13:51 | Create | Scout Cavalry |
| 14:07 | Build | House |
| 14:19 | Create | Scout Cavalry |
| 14:48 | Create | Scout Cavalry |
| 15:02 | Create | Villager (Male) |
| 15:02 | Create | Villager (Male) |
| 15:02 | Create | Villager (Male) |
| 15:20 | Create | Villager (Male) |
| 15:20 | Create | Villager (Male) |
| 16:00 | Build | Farm |
| 16:02 | Build | Farm |
| 16:11 | Build | Blacksmith |
| 16:14 | Create | Scout Cavalry |
| 16:19 | Build | Farm |
| 16:22 | Build | Farm |
| 16:23 | Build | Farm |
| 16:37 | Build | Mining Camp |
| 16:56 | Create | Scout Cavalry |
| 17:00 | Create | Villager (Male) |
| 17:01 | Create | Villager (Male) |
| 17:03 | Build | Farm |
| 17:04 | Build | Farm |
| 17:07 | Research | Forging |
| 17:38 | Build | House |
| 17:42 | Create | Villager (Male) |
| 17:42 | Create | Villager (Male) |
| 17:52 | Research | Scale Barding Armor |
| 18:33 | Create | Villager (Male) |
| 18:37 | Research | Bloodlines |
| 18:37 | Research | Bloodlines |
| 18:37 | Research | Bloodlines |
| 18:54 | Build | Farm |
| 18:56 | Build | Farm |
| 18:58 | Build | Farm |
| 19:46 | Create | Villager (Male) |
| 19:47 | Create | Villager (Male) |
| 20:18 | Build | Mill |
| 20:26 | Build | Market |
| 21:18 | Create | Villager (Male) |
| 21:31 | Build | House |
| 21:32 | Build | House |
| 21:33 | Build | House |
| 21:34 | Build | House |
| 21:58 | Research | Castle Age |
| 21:58 | Research | Castle Age |
| 22:30 | Build | Farm |
| 22:32 | Build | Farm |
| 22:39 | Build | Stable |
| 24:21 | Build | House |
| 24:38 | Age | Castle Age |
| 24:40 | Research | Chain Barding Armor |
| 24:42 | Create | Knight |
| 24:42 | Create | Knight |
| 24:53 | Build | Town Center |
| 24:56 | Create | Villager (Male) |
| 24:56 | Create | Villager (Male) |
| 24:57 | Create | Villager (Male) |
| 25:33 | Create | Knight |
| 25:33 | Create | Knight |
| 25:40 | Build | Town Center |
| 26:18 | Create | Knight |
| 26:19 | Create | Knight |
| 26:24 | Create | Villager (Male) |
| 26:25 | Create | Villager (Male) |
| 26:26 | Research | Bow Saw |
| 26:27 | Research | Bow Saw |
| 26:29 | Research | Heavy Plow |
| 26:29 | Research | Heavy Plow |
| 26:29 | Research | Heavy Plow |
| 26:45 | Research | Husbandry |
| 26:45 | Create | Knight |
| 26:45 | Create | Knight |
Build order — Emperor2698
122 actions detected in the replay
| 1:03 | Build | Town Center |
| 3:20 | Research | Loom |
| 3:21 | Create | Villager (Male) ×4 |
| 3:51 | Build | House |
| 3:52 | Build | House |
| 4:48 | Create | Villager (Male) |
| 5:39 | Create | Villager (Male) |
| 5:43 | Create | Villager (Male) |
| 6:11 | Build | Lumber Camp |
| 6:15 | Create | Villager (Male) ×2 |
| 7:19 | Build | House |
| 7:21 | Build | House |
| 7:32 | Create | Villager (Male) ×2 |
| 7:36 | Create | Villager (Male) |
| 7:37 | Create | Villager (Male) |
| 8:47 | Create | Villager (Male) |
| 8:53 | Build | House |
| 9:03 | Build | House |
| 9:15 | Create | Villager (Male) |
| 9:46 | Create | Villager (Male) |
| 10:01 | Build | Mill |
| 10:08 | Create | Villager (Male) |
| 10:27 | Build | House |
| 10:40 | Create | Villager (Male) |
| 10:42 | Build | House |
| 10:53 | Build | House |
| 10:58 | Create | Villager (Male) |
| 11:04 | Research | Feudal Age |
| 12:53 | Build | Barracks |
| 12:56 | Build | House |
| 13:02 | Build | Palisade Wall |
| 13:02 | Build | Palisade Wall |
| 13:05 | Build | Palisade Wall |
| 13:15 | Create | Villager (Male) |
| 13:18 | Create | Villager (Male) |
| 13:19 | Create | Villager (Male) |
| 13:59 | Build | House |
| 14:09 | Build | House |
| 14:18 | Create | Villager (Male) |
| 14:22 | Build | Stable |
| 14:25 | Create | Villager (Male) |
| 14:35 | Build | Palisade Gate |
| 14:45 | Build | House |
| 15:02 | Build | House |
| 15:13 | Build | House |
| 15:27 | Create | Scout Cavalry |
| 15:28 | Create | Scout Cavalry |
| 15:30 | Create | Villager (Male) |
| 15:31 | Research | Double-Bit Axe |
| 15:47 | Create | Villager (Male) |
| 15:55 | Build | Stable |
| 16:04 | Build | House |
| 16:09 | Create | Villager (Male) |
| 16:15 | Create | Scout Cavalry |
| 16:21 | Build | House |
| 17:03 | Create | Scout Cavalry |
| 17:03 | Create | Scout Cavalry |
| 17:04 | Create | Scout Cavalry |
| 17:04 | Create | Scout Cavalry |
| 17:06 | Create | Scout Cavalry |
| 17:14 | Create | Villager (Male) |
| 17:15 | Create | Villager (Male) |
| 17:18 | Build | Blacksmith |
| 17:41 | Create | Scout Cavalry |
| 17:51 | Build | Pasture |
| 18:01 | Build | House |
| 18:04 | Research | Forging |
| 18:08 | Create | Villager (Male) |
| 18:12 | Build | House |
| 18:15 | Build | House |
| 18:17 | Build | House |
| 18:28 | Create | Villager (Male) |
| 18:35 | Create | Villager (Male) |
| 18:54 | Create | Scout Cavalry ×4 |
| 19:00 | Build | Pasture |
| 19:03 | Build | Pasture |
| 19:27 | Create | Scout Cavalry ×2 |
| 19:30 | Create | Villager (Male) |
| 19:50 | Create | Villager (Male) |
| 19:53 | Create | Scout Cavalry |
| 20:35 | Build | Pasture |
| 20:36 | Create | Villager (Male) |
| 20:37 | Create | Villager (Male) |
| 20:39 | Build | Pasture |
| 20:44 | Build | Pasture |
| 20:50 | Build | Pasture |
| 21:00 | Build | Mining Camp |
| 21:22 | Create | Villager (Male) |
| 21:31 | Research | Scale Barding Armor |
| 21:33 | Create | Villager (Male) |
| 22:04 | Create | Villager (Male) |
| 22:07 | Build | Pasture |
| 22:12 | Build | Pasture |
| 22:15 | Build | House |
| 22:17 | Build | House |
| 22:17 | Build | House |
| 22:19 | Build | House |
| 22:23 | Create | Scout Cavalry ×5 |
| 22:27 | Create | Spearman |
| 22:28 | Create | Spearman |
| 23:01 | Create | Villager (Male) |
| 23:01 | Create | Villager (Male) |
| 23:17 | Build | House |
| 23:18 | Build | House |
| 23:19 | Build | House |
| 23:20 | Build | House |
| 23:21 | Build | House |
| 23:30 | Create | Spearman ×4 |
| 23:51 | Create | Villager (Male) |
| 24:07 | Create | Villager (Male) |
| 24:39 | Create | Villager (Male) |
| 24:47 | Build | Market |
| 24:54 | Build | Pasture |
| 24:59 | Create | Villager (Male) |
| 25:28 | Create | Villager (Male) |
| 26:28 | Research | Castle Age |
| 26:35 | Build | House |
| 26:36 | Build | House |
| 26:38 | Build | House |
| 26:39 | Build | House |
| 26:40 | Build | House |
| 26:41 | Build | House |
Build order — Sihing Mo
105 actions detected in the replay
| 0:44 | Build | Town Center |
| 1:02 | Build | Palisade Wall |
| 1:03 | Build | Palisade Wall |
| 1:05 | Build | Palisade Wall |
| 1:08 | Build | Palisade Wall |
| 1:35 | Build | House |
| 2:53 | Create | Villager (Male) |
| 2:53 | Create | Villager (Male) |
| 2:53 | Create | Villager (Male) |
| 2:53 | Create | Villager (Male) |
| 2:53 | Create | Villager (Male) |
| 4:16 | Create | Villager (Male) |
| 4:38 | Create | Villager (Male) |
| 4:57 | Build | House |
| 5:05 | Create | Villager (Male) |
| 5:21 | Create | Villager (Male) |
| 5:38 | Create | Villager (Male) |
| 5:39 | Create | Villager (Male) |
| 6:11 | Create | Villager (Male) |
| 6:20 | Build | Lumber Camp |
| 6:45 | Create | Villager (Male) |
| 6:45 | Create | Villager (Male) |
| 6:50 | Build | House |
| 7:24 | Research | Loom |
| 7:29 | Create | Villager (Male) |
| 7:56 | Create | Villager (Male) |
| 7:57 | Create | Villager (Male) |
| 8:24 | Create | Villager (Male) |
| 8:53 | Build | Mill |
| 9:22 | Build | Palisade Wall |
| 9:25 | Create | Villager (Male) |
| 9:45 | Create | Villager (Male) |
| 10:00 | Build | Palisade Wall |
| 10:04 | Build | Palisade Gate |
| 10:15 | Create | Villager (Male) |
| 10:26 | Build | House |
| 10:45 | Research | Feudal Age |
| 10:47 | Create | Villager (Male) |
| 10:47 | Create | Villager (Male) |
| 11:13 | Build | Barracks |
| 12:55 | Age | Feudal Age |
| 12:58 | Build | Stable |
| 13:02 | Create | Villager (Male) |
| 13:24 | Build | House |
| 13:44 | Create | Scout Cavalry |
| 13:44 | Create | Scout Cavalry |
| 13:44 | Create | Scout Cavalry |
| 13:45 | Create | Scout Cavalry |
| 14:00 | Create | Villager (Male) |
| 14:00 | Create | Villager (Male) |
| 14:01 | Create | Villager (Male) |
| 14:43 | Create | Scout Cavalry |
| 14:45 | Build | House |
| 14:54 | Create | Villager (Male) |
| 15:13 | Research | Double-Bit Axe |
| 15:21 | Create | Villager (Male) |
| 15:59 | Create | Villager (Male) |
| 16:13 | Create | Villager (Male) |
| 16:16 | Build | Blacksmith |
| 17:07 | Create | Scout Cavalry |
| 17:07 | Create | Scout Cavalry |
| 17:29 | Create | Scout Cavalry |
| 17:29 | Create | Scout Cavalry |
| 17:32 | Build | Stable |
| 17:44 | Build | Farm |
| 17:44 | Build | Farm |
| 17:45 | Build | Farm |
| 17:47 | Build | Farm |
| 18:15 | Create | Villager (Male) |
| 18:35 | Create | Scout Cavalry |
| 18:36 | Create | Scout Cavalry |
| 18:36 | Create | Scout Cavalry |
| 19:21 | Research | Forging |
| 19:21 | Research | Scale Barding Armor |
| 19:50 | Build | Farm |
| 19:51 | Build | Farm |
| 20:16 | Create | Villager (Male) |
| 20:44 | Build | Watch Tower |
| 21:01 | Build | House |
| 21:07 | Build | Watch Tower |
| 21:14 | Create | Villager (Male) |
| 21:22 | Build | Market |
| 21:23 | Create | Villager (Male) |
| 21:23 | Create | Villager (Male) |
| 21:52 | Build | House |
| 22:05 | Create | Villager (Male) |
| 22:58 | Research | Castle Age |
| 23:01 | Build | Stable |
| 23:24 | Create | Spearman |
| 23:24 | Create | Spearman |
| 23:25 | Create | Spearman |
| 23:31 | Build | House |
| 23:52 | Build | Stable |
| 24:05 | Create | Spearman |
| 24:31 | Create | Spearman |
| 24:59 | Build | Stable |
| 25:34 | Research | Bloodlines |
| 25:38 | Age | Castle Age |
| 25:43 | Create | Camel Scout |
| 25:44 | Create | Camel Scout |
| 25:44 | Create | Camel Scout |
| 26:39 | Create | Camel Scout |
| 26:39 | Create | Camel Scout |
| 26:41 | Create | Villager (Male) |
| 26:41 | Create | Villager (Male) |
Build order — ImVaibhav
132 actions detected in the replay
| 0:32 | Build | Town Center |
| 1:51 | Build | House |
| 2:09 | Build | House |
| 2:47 | Research | Loom |
| 2:48 | Create | Villager (Male) ×4 |
| 3:37 | Build | House |
| 3:50 | Build | House |
| 4:05 | Build | House |
| 4:11 | Create | Villager (Male) |
| 4:28 | Build | House |
| 4:33 | Create | Villager (Male) |
| 5:22 | Create | Villager (Male) |
| 5:23 | Create | Villager (Male) |
| 5:38 | Build | Lumber Camp |
| 5:50 | Build | House |
| 6:18 | Create | Villager (Male) |
| 6:18 | Create | Villager (Male) |
| 6:18 | Create | Villager (Male) |
| 6:45 | Create | Villager (Male) |
| 6:45 | Create | Villager (Male) |
| 6:46 | Create | Villager (Male) |
| 7:37 | Create | Villager (Male) |
| 8:16 | Build | Mining Camp |
| 9:03 | Research | Feudal Age |
| 9:32 | Create | Villager (Male) |
| 9:33 | Create | Villager (Male) |
| 9:53 | Build | House |
| 10:41 | Build | Barracks |
| 11:13 | Age | Feudal Age |
| 11:31 | Build | Archery Range |
| 11:39 | Create | Villager (Male) |
| 12:05 | Build | House |
| 12:06 | Build | House |
| 12:09 | Create | Villager (Male) |
| 12:19 | Create | Archer |
| 12:37 | Create | Archer |
| 12:55 | Build | Archery Range |
| 13:00 | Create | Villager (Male) |
| 13:07 | Build | House |
| 13:17 | Create | Archer |
| 13:29 | Create | Villager (Male) |
| 13:46 | Create | Spearman |
| 13:57 | Create | Villager (Male) |
| 14:00 | Create | Spearman |
| 14:05 | Build | Blacksmith |
| 14:12 | Create | Villager (Male) |
| 14:29 | Create | Archer |
| 14:29 | Create | Archer |
| 14:42 | Create | Villager (Male) |
| 14:43 | Create | Archer |
| 14:43 | Create | Archer |
| 14:53 | Create | Villager (Male) |
| 15:10 | Create | Archer |
| 15:26 | Research | Fletching |
| 15:59 | Create | Villager (Male) |
| 16:04 | Build | House |
| 16:06 | Build | House |
| 16:22 | Create | Villager (Male) |
| 16:51 | Create | Villager (Male) |
| 16:59 | Create | Archer ×4 |
| 17:30 | Build | Watch Tower |
| 17:32 | Create | Villager (Male) |
| 17:32 | Create | Villager (Male) |
| 17:42 | Create | Archer |
| 18:03 | Build | Dock |
| 18:38 | Create | Fishing Ship |
| 18:39 | Create | Fishing Ship |
| 18:46 | Build | House |
| 18:50 | Build | Lumber Camp |
| 19:06 | Create | Archer |
| 19:09 | Create | Villager (Male) |
| 19:10 | Create | Villager (Male) |
| 19:26 | Create | Fishing Ship |
| 19:53 | Create | Villager (Male) |
| 20:11 | Create | Villager (Male) |
| 20:16 | Create | Fishing Ship |
| 20:42 | Create | Villager (Male) |
| 20:46 | Build | Mining Camp |
| 20:49 | Build | House |
| 21:02 | Create | Archer |
| 21:02 | Create | Archer |
| 21:03 | Create | Villager (Male) |
| 21:37 | Build | Mill |
| 21:42 | Create | Fishing Ship |
| 21:53 | Research | Wheelbarrow |
| 21:54 | Research | Double-Bit Axe |
| 21:59 | Research | Gold Mining |
| 22:11 | Build | Lumber Camp |
| 22:30 | Create | Villager (Male) |
| 22:34 | Create | Fishing Ship |
| 23:00 | Build | Lumber Camp |
| 23:06 | Create | Villager (Male) |
| 23:07 | Create | Archer |
| 23:08 | Create | Archer |
| 23:08 | Create | Archer |
| 23:08 | Create | Archer |
| 23:42 | Create | Villager (Male) |
| 23:44 | Create | Archer |
| 23:45 | Create | Archer |
| 23:55 | Research | Tech 906 |
| 24:01 | Build | Fish Trap |
| 24:06 | Build | Fish Trap |
| 24:20 | Create | Archer |
| 24:21 | Create | Archer |
| 24:22 | Create | Villager (Male) |
| 24:31 | Build | Fish Trap |
| 24:37 | Build | Fish Trap |
| 24:38 | Create | Villager (Male) |
| 24:46 | Build | Fish Trap |
| 24:48 | Create | Fishing Ship |
| 25:01 | Build | Fish Trap |
| 25:08 | Build | House |
| 25:10 | Build | House |
| 25:12 | Build | House |
| 25:15 | Create | Villager (Male) |
| 25:28 | Build | Fish Trap |
| 25:31 | Create | Villager (Male) |
| 25:50 | Build | Dock |
| 25:56 | Build | Mining Camp |
| 25:58 | Create | Villager (Male) |
| 26:01 | Create | Archer ×5 |
| 26:10 | Build | Fish Trap |
| 26:33 | Create | Fishing Ship |
| 26:34 | Create | Fishing Ship |
| 26:42 | Build | Fish Trap |
| 26:44 | Build | Fish Trap |
| 26:52 | Build | Palisade Gate |
| 26:56 | Build | Palisade Gate |
| 27:00 | Build | House |
| 27:04 | Create | Spearman |
| 27:17 | Create | Villager (Male) |
| 27:35 | Create | Villager (Male) |
Match timeline
| 1:02 | Sihing Mo · wall_segment Palisade Wall x1 |
| 1:03 | Sihing Mo · wall_segment Palisade Wall x1 |
| 1:05 | Sihing Mo · wall_segment Palisade Wall x1 |
| 1:08 | Sihing Mo · wall_segment Palisade Wall x1 |
| 8:45 | belgawizard · wall_segment Palisade Wall x7 |
| 9:22 | Sihing Mo · wall_segment Palisade Wall x3 |
| 10:00 | Sihing Mo · wall_segment Palisade Wall x10 |
| 10:41 | ImVaibhav · first_building Barracks |
| 10:42 | Zweistein · first_building Barracks |
| 10:43 | Zweistein · wall_segment Palisade Wall x1 |
| 11:13 | ImVaibhav · age_up feudal |
| 11:13 | Sihing Mo · first_building Barracks |
| 11:22 | [T41] Indian War Lord · first_building Barracks |
| 11:27 | belgawizard · first_building Barracks |
| 11:31 | Rookie · wall_segment Palisade Wall x10 |
| 11:31 | ImVaibhav · first_building Archery Range |
| 11:39 | Rookie · wall_segment Palisade Wall x6 |
| 11:41 | Rookie · wall_segment Palisade Wall x4 |
| 11:41 | Hugo · first_building Barracks |
| 11:48 | Rookie · wall_segment Palisade Wall x9 |
| 11:55 | [T41] Indian War Lord · wall_segment Palisade Wall x1 |
| 12:49 | Hugo · age_up feudal |
| 12:51 | Hugo · first_building Stable |
| 12:53 | Emperor2698 · first_building Barracks |
| 12:55 | Sihing Mo · age_up feudal |
| 12:58 | Sihing Mo · first_building Stable |
| 12:59 | belgawizard · age_up feudal |
| 13:02 | Emperor2698 · wall_segment Palisade Wall x1 |
| 13:02 | Emperor2698 · wall_segment Palisade Wall x2 |
| 13:03 | belgawizard · first_building Archery Range |
| 13:05 | Emperor2698 · wall_segment Palisade Wall x12 |
| 13:21 | [T41] Indian War Lord · wall_segment Palisade Wall x1 |
| 13:58 | Zweistein · age_up feudal |
| 14:10 | Rookie · first_building Barracks |
| 14:12 | [T41] Indian War Lord · age_up feudal |
| 14:21 | [T41] Indian War Lord · first_building Stable |
| 14:22 | Emperor2698 · first_building Stable |
| 14:33 | Rookie · age_up feudal |
| 14:58 | Rookie · first_building Archery Range |
| 17:11 | [T41] Indian War Lord · wall_segment Palisade Wall x1 |
| 17:14 | [T41] Indian War Lord · wall_segment Palisade Wall x1 |
| 17:16 | [T41] Indian War Lord · wall_segment Palisade Wall x1 |
| 17:38 | Zweistein · wall_segment Palisade Wall x1 |
| 17:47 | Rookie · first_building Stable |
| 18:03 | ImVaibhav · first_building Dock |
| 18:29 | Rookie · age_up castle |
| 18:32 | [T41] Indian War Lord · age_up castle |
| 18:35 | Rookie · first_market_buy 100 food |
| 18:49 | [T41] Indian War Lord · first_building Siege Workshop |
| 19:23 | Zweistein · age_up castle |
| 20:07 | Zweistein · first_building Castle |
| 21:37 | Rookie · first_market_sell 100 wood |
| 22:51 | Sihing Mo · first_market_sell 100 wood |
| 22:54 | Sihing Mo · first_market_buy 100 food |
| 23:44 | belgawizard · first_building Stable |
| 24:38 | Hugo · age_up castle |
| 24:38 | Hugo · first_market_sell 500 wood |
| 25:38 | Sihing Mo · age_up castle |
| 25:45 | belgawizard · age_up castle |
| 26:27 | Emperor2698 · first_market_buy 100 food |
| 27:33 | belgawizard · resign |
[ AI ANALYSIS · 1 CREDIT ]
What really happened in this match?
Wolo.gg analyzes every decision: build order, eco, micro, common mistakes by bracket. Personalized analysis on WhatsApp or Discord in 30 seconds.
Civ guide
Vietnamese
Perfil
Jugador #3146184